 Dungeon Crawl Stone Soup version 0.28.0-45-g0d030f2227 (webtiles) character file.

Game seed: 13395721470016884016

58 seaoflcl the Skirmisher (level 4, -2/35 HPs)
             Began as a Human Fighter on Apr 11, 2022.
             Slain by Terence
             ... wielding a +0 trident
              (4 damage)
             ... on level 2 of the Dungeon.
             The game lasted 00:01:52 (1314 turns).

seaoflcl the Skirmisher (Human Fighter)             Turns: 1314, Time: 00:01:53

Health: -2/35      AC:  6    Str: 19    XL:     4   Next: 20%
Magic:  4/4        EV:  9    Int:  8    God:
Gold:   63         SH:  9    Dex: 12    Spells: 3/3 levels left

rFire   . . .      SeeInvis .   a - +0 long sword
rCold   . . .      Faith    .   c - +0 buckler
rNeg    . . .      Spirit   .   b - +0 scale mail
rPois   .          Reflect  +   (no helmet)
rElec   .          Harm     .   k - scarf {+Inv}
rCorr   .          Rampage  .   (no gloves)
Will    .....                   (no boots)
Stlth   ..........              i - amulet of reflection
HPRegen 0.11/turn               (no ring)
MPRegen 0.09/turn               (no ring)

@: mighty
A: no striking features
a: Evoke Invisibility


You were on level 2 of the Dungeon.
You visited 1 branch of the dungeon, and saw 2 of its levels.

You collected 63 gold pieces.

Inventory:

Hand Weapons
 a - a +0 long sword (weapon)
Armour
 b - a +0 scale mail (worn)
 c - a +0 buckler (worn)
 k - a scarf of invisibility (worn)
Jewellery
 i - an amulet of reflection (around neck)
Scrolls
 f - a scroll of enchant weapon {unknown}
 g - a scroll of amnesia {unknown}
 h - a scroll of identify {unknown}
 j - a scroll of enchant armour {unknown}
Potions
 e - a potion of curing {unknown}


   Skills:
 + Level 3.5 Fighting
 + Level 2.7 Long Blades
 + Level 3.4 Armour
 + Level 0.2 Stealth
 + Level 3.4 Shields


You had 3 spell levels left.
You didn't know any spells.
Your spell library was empty.

Dungeon Overview and Level Annotations

Branches:
Dungeon (2/15)

Altars:

Shops:
D:2 =

Annotations:
D:2 1 runed translucent door, Crazy Yiuf, Terence


Message History

You barely miss the jackal. The jackal barely misses you.
You block the jackal's attack.
You hit the jackal.
You kill the jackal!
Terence the Incautious comes into view.
He is wielding a +0 trident.
Terence shouts!
Terence drinks a potion.
Terence flickers and vanishes!
Deactivating autopickup; reactivate with Ctrl-A.
You see here a jackal corpse.
You block the dart slug's attack.
You see here a jackal corpse.
Items here: ( )) ††.
The dart slug launches a dart at you.
The slug dart reflects off an invisible shield around you!
The slug dart hits the dart slug.
Something hits you.
Items here: ( )) ††.
You slash the dart slug!
You kill the dart slug!
Something hits you. Something hits you.
You see here a jackal corpse.
Something hits you.
Items here: ( )) ††.
Something hits you.
* * * LOW HITPOINT WARNING * * *
You see here a scroll labelled PEFY DOHIN.
You feel very mighty all of a sudden. Something hits you.
* * * LOW HITPOINT WARNING * * *
Something hits you.
* * * LOW HITPOINT WARNING * * *
You see here a scroll labelled PEFY DOHIN.
You slash something! Something hits you but does no damage.
You closely miss something.
Something hits you but does no damage. x2
You closely miss something. Something hits you.
* * * LOW HITPOINT WARNING * * *
Unknown command.
You hit something. Something hits you.
You die...

... ##.....#.....##
.....##########.(...........#
.........†)....)............#
.....#########..<..>........# ...
#..........^...# #
##..............# .
#...............## ...
#{................
##...##@........<.......
............#.##....>... #.
####........#.##.......† #.# #.#
####.......######.###
#.####.########....#####........
#..........#......## #........
##..........#.##.#.# ####........
##..........#.#..#.###...........
##..........#.#.#.......#........


There were no monsters in sight!

Vanquished Creatures
  An adder (D:2)
  A dart slug (D:2)
  2 ball pythons (D:1)
  A bat (D:1)
  4 endoplasms
  2 giant cockroaches
  10 goblins
  3 hobgoblins
  2 jackals (D:2)
  A quokka (D:1)
  5 frilled lizards
  3 kobolds
  8 rats
43 creatures vanquished.

Notes
Turn   | Place    | Note
-------+----------+-------------------------------------------
     0 | D:1      | seaoflcl the Human Fighter began the quest for the Orb.
     0 | D:1      | Reached XP level 1. HP: 18/18 MP: 1/1
    54 | D:1      | Reached XP level 2. HP: 19/24 MP: 2/2
   356 | D:1      | Reached XP level 3. HP: 28/29 MP: 3/3
  1082 | D:2      | Found a faded altar of an unknown god.
  1137 | D:2      | Reached XP level 4. HP: 35/35 MP: 4/4
  1146 | D:2      | Found Raumukek's Jewellery Shop.
  1244 | D:2      | Found a runed translucent door.
  1245 | D:2      | Noticed Crazy Yiuf
  1284 | D:2      | Noticed Terence
  1314 | D:2      | Slain by Terence

Illustrated notes

Levels and vault maps discovered:
D:1:      eino_arrival_cavern_d, layout_loops_ring
D:2:      layout_rooms, serial_shops, nicolae_shop_trees,
          hellmonk_ecumenical_altar_run_dry, uniq_crazy_yiuf_cottage,
          uniq_terence

Action                   |  1- 3 |  4- 6 || total
-------------------------+-------+-------++-------
Melee: Long sword        |    81 |    16 ||    97
  Use: Potion            |       |     1 ||     1
Armor: Scale mail        |    34 |     9 ||    43
Dodge: Dodged            |    25 |     6 ||    31
Block: Buckler           |    14 |     6 ||    20
       Reflection        |       |     1 ||     1
